Map: Ulrena

Players

Teo - Winner!

  • Race: Protoss Protoss
  • League: Platinum

LilDicky

  • Race: Terran Terran
  • League: Diamond

VOD

http://www.twitch.tv/tumescentpie

Description

Time

  • Played on: Jan. 2, 2016, 11:08 p.m.
  • Length: 7:10
Show
View Real Time Build Order
Export as new Build Order

Teo Protoss - Winner!

Build Orders:  

Get SALT Encoding   

  12  0:00  Probe (Chrono Boost)  
  13  0:11  Probe (Chrono Boost)  
  14  0:17  Pylon  
  14  0:22  Probe (Chrono Boost)  
  15  0:36  Probe (Chrono Boost)  
  15  0:39  Gateway  
  16  0:46  Probe (Chrono Boost)  
  16  0:48  Assimilator  
  18  0:57  Probe (Chrono Boost)  
  18  1:07  Probe (Chrono Boost)  
  19  1:15  Pylon  
  19  1:18  Probe (Chrono Boost)  
  20  1:26  Cybernetics Core  
  20  1:28  Probe (Chrono Boost)  
  21  1:39  Probe (Chrono Boost)  
  22  1:53  Nexus  
  22  1:59  Probe (Chrono Boost)  
  23  2:02  Adept (Chrono Boost)  
  23  2:05  Warp Gate  
  25  2:10  Probe  
  26  2:26  Mothership Core  
  28  2:50  Pylon  
  28  2:56  Robotics Facility  
  28  3:02  Pylon  
  28  3:05  Gateway  
  28  3:18  Gateway  
  28  3:19  Stalker (Chrono Boost)  
  30  3:26  Gateway  
  30  3:27  Probe  
  31  3:45  Adept (Chrono Boost), Warp Prism  
  35  3:50  Assimilator  
  35  3:51  Pylon  
  35  3:56  Probe  
  35  3:58  Probe, Pylon  
  37  4:10  Probe  
  37  4:11  Probe  
  39  4:19  Gateway  
  39  4:20  Probe  
  39  4:21  Adept  
  39  4:23  Probe  
  43  4:24  Sentry  
  43  4:31  Probe  
  45  4:35  Probe  
  47  4:43  Adept x3  
  47  4:44  Probe  
  54  4:51  Gateway  
  54  4:55  Probe  
  55  5:06  Adept x2  
  59  5:11  Adept x2  
  59  5:35  Adept x4  
  59  5:36  Adept  
  57  6:10  Gateway  
  57  6:12  Probe, Pylon  
  57  6:13  Gateway, Pylon, Probe  
  57  6:15  Pylon x2  
  57  6:16  Adept x2  
  57  6:17  Adept  
  65  6:19  Sentry, Pylon  
  65  6:25  Probe  
  67  6:27  Probe  
  69  6:36  Adept x3  
  71  6:56  Probe  
  71  6:58  Probe  
  73  7:02  Pylon  
  73  7:04  Stalker x4, Pylon  
  73  7:07  Sentry  
Show
View Real Time Build Order
Export as new Build Order

LilDicky Terran 

Build Orders: MMM Bio 

Get SALT Encoding   

  12  0:02  SCV  
  13  0:14  SCV  
  14  0:18  Supply Depot  
  14  0:26  SCV  
  15  0:29  Refinery  
  15  0:39  SCV  
  16  0:50  Barracks  
  16  0:56  SCV  
  17  1:08  SCV  
  18  1:20  SCV  
  20  1:36  Marine  
  20  1:39  Supply Depot, Orbital Command  
  20  1:43  Factory  
  20  1:54  Marine  
  21  2:05  Barracks x2  
  22  2:08  SCV  
  22  2:18  Barracks Reactor  
  22  2:19  Refinery  
  22  2:21  SCV  
  23  2:34  SCV  
  23  2:47  SCV  
  23  2:49  Supply Depot  
  24  2:53  Barracks Tech Lab x2  
  24  2:54  Marine  
  24  2:55  Marine  
  26  2:59  SCV  
  29  3:11  SCV  
  29  3:12  Stimpack  
  30  3:13  Combat Shields  
  30  3:14  Marine x2  
  30  3:17  Marine  
  33  3:22  Marine  
  32  3:31  Marine  
  33  3:37  Starport  
  33  3:38  Supply Depot, Marauder  
  33  3:39  Marine  
  36  3:47  SCV  
  39  3:48  Marauder  
  39  3:59  Marine  
  39  4:00  Marauder  
  44  4:07  Supply Depot  
  42  4:10  Marine x2  
  42  4:16  SCV  
  45  4:19  Medivac  
  47  4:28  Supply Depot, Marine, Marauder  
  50  4:31  Marine  
  50  4:35  Marine  
  52  4:48  Supply Depot, Marine  
  52  4:50  Concussive Shells, Marauder  
  55  4:58  Marine  
  55  4:59  Marauder  
  40  5:37  Marine x2  
  40  5:38  Marauder  
  30  6:06  Marine x4  
  34  6:19  Medivac  
  34  6:23  SCV, Marine  
  34  6:24  Marine  
  34  6:25  Marine  
Tags
 
Add a new tag
Caveats
  • Supply blocks, unpowered buildings, or Contaminate may cause inaccurate times.
  • Supply counts are checked every 10 seconds.